 Dungeon Crawl Stone Soup version 0.28.0-53-g5a82cb258f (webtiles) character file.

Game seed: 6288666780241432624

31 Persephone the Bolt Thrower (level 3, -5/30 HPs)
             Began as a Minotaur Hunter on July 6, 2022.
             Slain by a gnoll
             ... wielding a +0 whip
              (9 damage)
             ... on level 3 of the Dungeon.
             The game lasted 00:01:05 (864 turns).

Persephone the Bolt Thrower (Minotaur Hunter)        Turns: 864, Time: 00:01:05

Health: -5/30      AC:  3    Str: 18    XL:     3   Next: 7%
Magic:  2/2        EV: 11    Int:  8    God:
Gold:   46         SH:  0    Dex: 10    Spells: 2/2 levels left

rFire   . . .      SeeInvis .   b - +0 short sword
rCold   . . .      Faith    .   (no shield)
rNeg    . . .      Spirit   .   c - +0 leather armour
rPois   .          Reflect  .   (helmet restricted)
rElec   .          Harm     .   (no cloak)
rCorr   .          Rampage  .   (no gloves)
Will    .....                   (no boots)
Stlth   +.........              (no amulet)
HPRegen 0.10/turn               (no ring)
MPRegen 0.08/turn               (no ring)

@: no status effects
A: horns 2, retaliatory headbutt
a: no special abilities


You were on level 3 of the Dungeon.
You visited 1 branch of the dungeon, and saw 3 of its levels.

You collected 46 gold pieces.

Inventory:

Hand Weapons
 a - a +1 hand crossbow
 b - a +0 short sword (weapon)
Missiles
 d - 20 bolts
Armour
 c - a +0 leather armour (worn)
 f - a +0 ring mail
Scrolls
 e - 2 scrolls of identify {unknown}
 g - a scroll of noise {unknown}
Potions
 h - a potion of lignification {unknown}


   Skills:
 - Level 2.4 Fighting
 + Level 5.5 Crossbows
 - Level 2.1 Dodging
 - Level 0.7 Stealth


You had 2 spell levels left.
You didn't know any spells.
Your spell library was empty.

Dungeon Overview and Level Annotations

Branches:
Dungeon (3/15)

Altars:


Innate Abilities, Weirdness & Mutations

You have a pair of horns on your head.
You reflexively headbutt those who attack you in melee.


Message History

You closely miss the hobgoblin. The hobgoblin barely misses you.
You barely miss the hobgoblin. You headbutt the hobgoblin.
The hobgoblin is severely wounded.
The hobgoblin barely misses you.
You closely miss the hobgoblin.
The hobgoblin is severely wounded.
The hobgoblin hits you.
You hit the hobgoblin.
You kill the hobgoblin!
A bat zombie comes into view.
The gnoll hits you with a +0 whip!
You hit the gnoll.
The gnoll is lightly wounded.
The gnoll barely misses you. You furiously retaliate!
You headbutt the gnoll. The gnoll hits you with a +0 whip. x2
You are too injured to fight recklessly!
You are too injured to fight recklessly!
You are too injured to fight recklessly!
You are too injured to fight recklessly!
You are too injured to fight recklessly!
The bat zombie hits you.
* * * LOW HITPOINT WARNING * * *
The bat zombie hits you but does no damage.
The bat zombie barely misses you.
An endoplasm comes into view.
The bat zombie hits you.
* * * LOW HITPOINT WARNING * * *
There is a stone staircase leading down here.
The bat zombie hits you but does no damage.
The bat zombie closely misses you. You furiously retaliate!
You headbutt the bat zombie. The bat zombie barely misses you.
The gnoll hits you with a +0 whip.
* * * LOW HITPOINT WARNING * * *
You climb downwards.
Found a spear.
There is a stone staircase leading up here.
You hit the gnoll.
The gnoll is lightly wounded.
The gnoll hits you with a +0 whip!
You die...

. #...#####
#...@#
.......g#
.........
....).....
...........
............
.............
..............


You could see a gnoll.

Vanquished Creatures
  An adder (D:2)
  An adder zombie (D:2)
  2 bats (D:1)
  2 endoplasms
  2 giant cockroaches (D:1)
  A goblin (D:1)
  3 hobgoblins
  3 ball pythons (D:1)
  2 frilled lizards
  A kobold (D:1)
  A rat (D:1)
19 creatures vanquished.

Notes
Turn   | Place    | Note
-------+----------+-------------------------------------------
     0 | D:1      | Persephone the Minotaur Hunter began the quest for the Orb.
     0 | D:1      | Reached XP level 1. HP: 18/18 MP: 0/0
    92 | D:1      | Found a faded altar of an unknown god.
   305 | D:1      | Reached XP level 2. HP: 25/25 MP: 1/1
   308 | D:1      | Reached skill level 5 in Crossbows
   476 | D:1      | You fall into a shaft and drop 1 floor!
   647 | D:2      | Reached XP level 3. HP: 12/30 MP: 2/2
   864 | D:3      | Slain by a gnoll

Illustrated notes

Levels and vault maps discovered:
D:1:      eino_arrival_druids_welcome, layout_rooms,
          ebering_ecumenical_altar_webs
D:2:      layout_basic, serial_undead, serial_undead_d, serial_undead_a,
          serial_undead_f, serial_undead_f, uniq_terence, uniq_robin
D:3:      minmay_inner_zag, layout_basic, serial_corexii_hall,
          chequers_hall_statues_y, corexii_hall_statues_x,
          corexii_hall_statues_i, corexii_hall_statues_i,
          chequers_hall_statues_corner_a, corexii_hall_statues_x

Skill      XL: |  1  2 |
---------------+-------+-----
Crossbows      | 5 |  5.5
Fighting       | |  2.4
Dodging        | |  2.1
Stealth        | |  0.7

Action                   || total
-------------------------++-------
Melee: Short sword       ||    58
       Headbutt          ||     7
Armor: Leather armour    ||    23
Dodge: Dodged            ||    40
